 Dungeon Crawl Stone Soup version 0.31-a0-971-g75a2e9a4b4 (webtiles) character file.

Game seed: 10544385905047246818

224 tsujin the Ruffian (level 5, -1/61 HPs)
             Began as a Demonspawn Shapeshifter on Oct 28, 2023.
             Slain by a gnoll
             ... wielding a +0 halberd
             ... led by a gnoll bouda
              (6 damage)
             ... on level 4 of the Dungeon.
             The game lasted 00:06:03 (3058 turns).

tsujin the Ruffian (Demonspawn Shapeshifter)        Turns: 3058, Time: 00:06:04

Health: -1/61      AC: 22    Str: 16    XL:     5   Next: 67%
Magic:  5/5        EV:  2    Int: 12    God:
Gold:   245        SH:  0    Dex: 12    Spells: 4/4 levels left

rFire   . .          .
                       - Unarmed
rCold   . . .        (no shield)
rNeg    . . .        a - melded +1 animal skin
rPois   +            (helmet currently unavailable)
rElec   .            (cloak currently unavailable)
rCorr   .            (gloves currently unavailable)
SInv    .            (boots currently unavailable)
Will    .....        (no amulet)
Stlth   +            (no ring)
HPRegen 0.30/turn    (no ring)
MPRegen 0.18/turn

%: no passive effects
@: tree-form
A: stationary, stasis, torment immunity, boosted hp, demonic guardian 2, magic
regeneration
a: no special abilities


You were on level 4 of the Dungeon.
You were a tree.
You visited 1 branch of the dungeon, and saw 4 of its levels.

You collected 245 gold pieces.

Inventory:

Missiles
 m - 3 darts of dispersal
Armour
 a - a +1 animal skin (melded)
 l - a +0 cloak
 r - a +0 helmet
Jewellery
 k - an amulet of regeneration
 n - the amulet of Elemental Vulnerability {rPois rF-- rC-- AC+8}
   (You found it on level 2 of the Dungeon)

   [amulet of nothing]

   AC+8:      It affects your AC (+8).
   rF--:      It makes you very vulnerable to fire.
   rC--:      It makes you very vulnerable to cold.
   rPois:     It protects you from poison
Talismans
 c - a beast talisman
 d - a flux talisman
Scrolls
 e - a scroll of immolation
 f - a scroll of teleportation
 h - a scroll of vulnerability
 j - a scroll of fog
 p - 2 scrolls of identify
 s - 3 scrolls of amnesia
 t - a scroll of enchant armour
 u - a scroll of enchant weapon
Potions
 i - a potion of attraction
 o - a potion of mutation


   Skills:
 + Level 3.3 Fighting
 - Level 1.7 Dodging
 + Level 4.0 Unarmed Combat
 + Level 3.8 Shapeshifting


You had 4 spell levels left.
You didn't know any spells.
Your spell library contained the following spells:

 Spells                   Type           Power      Damage    Failure   Level
 Hailstorm                Conj/Ice       0%         3d3       69%         3
 Manifold Assault         Tloc           0%         N/A       97%         4
 Summon Ice Beast         Ice/Summ       0%         N/A       97%         4
 Conjure Ball Lightning   Conj/Air       0%         3x3d6     100%        6
 Dispersal                Tloc           0%         N/A       100%        6
 Simulacrum               Ice/Necr       0%         N/A       100%        6
 Discord                  Hex            0%         N/A       100%        8
 Disjunction              Tloc           0%         N/A       100%        8


Dungeon Overview and Level Annotations

Branches:
Dungeon (4/15)
 Temple: D:4-7

Altars:


Innate Abilities, Weirdness & Mutations

You are a tree.
Your roots penetrate the ground, keeping you stationary.
You cannot be teleported.
You are immune to unholy pain and torment.
Your maximum health is greatly increased.
Your equipment is partially melded.
A demonic guardian rushes to your aid.
You regenerate magic rapidly.


Message History

You take 1 damage, and have 3/41 hp.
Okay, then.
Okay, then.
Blink to where?
Press: ? - help, Dir - move target
As you read the scroll of blinking, it crumbles to dust.
As you read the scroll of teleportation, it crumbles to dust.
You feel strangely unstable. The gnoll closely misses you.
Okay, then.
Your transformation has ended.
You turn into a tree.
Your +1 animal skin melds into your body.
Your roots penetrate the ground.
You feel strangely stable.
The ball python bites you but does no damage.
The ball python grabs you. The ball python constricts you.
The gnoll hits you but does no damage.
You now have 7/61 hp.
You hit the ball python.
The ball python is moderately wounded.
The ball python bites you but does no damage.
The ball python constricts you. The gnoll hits you but does no damage.
You closely miss the ball python.
The ball python is moderately wounded.
The ball python bites you but does no damage.
The ball python constricts you.
* * * LOW HITPOINT WARNING * * *
A demonic guardian appears!
The gnoll hits you but does no damage.
The gnoll hits you from afar with a +0 halberd.
* * * LOW HITPOINT WARNING * * *
The ball python bites you but does no damage.
The ball python constricts you.
You take 3 damage, and have 4/61 hp.
You barely miss the ball python.
The ball python is moderately wounded.
Your orange demon stings the ball python from afar!
The ball python dies!
The gnoll hits you but does no damage.
The gnoll hits you from afar with a +0 halberd.
You die...

#....####)4##.#
#....#..4...#.##
#....<.g#....g.#
##.####)######.#######
#.####g#####....##.g
#.#.g..##....##.##)#
#.#.#####4### #.##.#
#.#.#####g# #.##.#
......#.g4g.♣.# #...g#
############### ######
.. .................g
#
.#.########.#######.#
.# # # .


You could see 3 gnolls, a friendly orange demon (summoned) and a friendly rust
devil (summoned, wandering).

Vanquished Creatures
  A gnoll bouda (D:4)
  An orc priest (D:4)
  2 gnolls (D:4)
  5 adders
  A worm (D:3)
  4 dart slugs
  6 orcs
  3 ball pythons (D:3)
  6 bats
  5 endoplasms
  2 giant cockroaches (D:3)
  4 hobgoblins
  3 quokkas (D:2)
  A frilled lizard (D:1)
  8 goblins
  2 kobolds
  3 rats
57 creatures vanquished.

Vanquished Creatures (collateral kills)
  2 gnolls (D:4)
  A worm (D:3)
  A kobold (D:3)
  A ball python (D:4)
  A rat (D:3)
6 creatures vanquished.

Grand Total: 63 creatures vanquished

Notes
Turn   | Place    | Note
-------+----------+-------------------------------------------
     0 | D:1      | tsujin the Demonspawn Shapeshifter began the quest for the
                  | Orb.
     0 | D:1      | Reached XP level 1. HP: 15/15 MP: 1/1
   178 | D:1      | Found a faded altar of an unknown god.
   341 | D:1      | Gained mutation: You regenerate magic rapidly. [demonic
                  | ancestry]
   341 | D:1      | Reached XP level 2. HP: 20/21 MP: 2/2
   681 | D:2      | Reached skill level 3 in Unarmed Combat
   909 | D:2      | Reached XP level 3. HP: 21/27 MP: 3/3
   969 | D:2      | Found the amulet of Elemental Vulnerability {rPois rF--
                  | rC-- AC+8}
  1256 | D:2      | Noticed an ogre
  1812 | D:2      | Gained mutation: A weak demonic guardian rushes to your
                  | aid. [demonic ancestry]
  1812 | D:2      | Reached XP level 4. HP: 34/34 MP: 4/4
  2839 | D:4      | Gained mutation: A demonic guardian rushes to your aid.
                  | [demonic ancestry]
  2839 | D:4      | Reached XP level 5. HP: 35/41 MP: 5/5
  3028 | D:4      | Reached skill level 4 in Unarmed Combat
  3058 | D:4      | Slain by a gnoll

Illustrated notes

Levels and vault maps discovered:
D:1:      minmay_arrival_nine_rooms, layout_rooms,
          ebering_ecumenical_altar_sacrificial, minivault_19,
          nicolae_figureground_pulse
D:2:      layout_loops_corners, minmay_misc_feat_five,
          chequers_serial_rivers_micro_b, hangedman_glass_teeth, st_stairs_14,
          minmay_split_cup_large
D:3:      layout_loops_ring
D:4:      layout_loops_cross, chequers_temple_overflow_minitemple,
          serial_co_window_serial, co_window_corner_a, co_window_paths_a,
          co_window_of_opportunity_a, co_window_paths_b, co_window_corner_a,
          co_window_of_opportunity_b, co_window_unsneaky_path_a,
          co_window_of_opportunity_b, co_window_paths_c, co_window_paths_c,
          co_window_corner_ca, co_window_sun, co_window_4corner_b,
          glass_columns_a, glass_columns_b, minmay_misc_feat_more_columns

Skill      XL: |  1  2  3  4  5 |
---------------+----------------+-----
Unarmed Combat | 3 4 |  4.0
Shapeshifting  | 3 |  3.8
Fighting       | 2 3 |  3.3
Dodging        | |  1.7

Action                     |  1- 3 |  4- 6 || total
---------------------------+-------+-------++-------
  Melee: Unarmed           |   110 |   111 ||   221
         Punch             |     3 |     3 ||     6
  Throw: Dart              |       |     1 ||     1
    Use: Scroll            |     7 |     7 ||    14
         Potion            |       |     2 ||     2
   Stab: Sleeping          |       |     1 ||     1
 Armour: Animal skin       |    54 |    65 ||   119
         Skin              |       |    10 ||    10
  Dodge: Dodged            |    83 |    69 ||   152

Table legend: (Time is in decaauts)
 A = Elapsed time spent in this place.
 B = Non-inter-level travel time spent in this place.
 C = Inter-level travel time spent in this place.
 D = Time resting spent in this place.
 E = Time spent auto-exploring this place.
 F = Levels seen in this place.
 G = Mean time per level.
                   A        B        C        D        E       F      G
               +--------+--------+--------+--------+--------+-----+--------+
         Total |   3044 |   2918 |    126 |    101 |   2108 |   4 |  761.0 |
       Dungeon |   3044 |   2918 |    126 |    101 |   2108 |   4 |  761.0 |
               +--------+--------+--------+--------+--------+-----+--------+

Top non-repeatable levels by time:
     D:2: 1247 daAuts
     D:3: 868 daAuts
     D:1: 699 daAuts
     D:4: 230 daAuts
